 Dungeon Crawl Stone Soup version 0.30.0-10-gfe55d96785 (webtiles) character file.

Game seed: 115080638849822341

1224 qw the Chopper (level 8, -4/49 HPs)
             Began as a Gargoyle Cinder Acolyte on May 17, 2023.
             Was a Believer of Ignis.
             Slain by an ogre
             ... wielding a +0 giant club
              (7 damage)
             ... on level 6 of the Dungeon.
             The game lasted 00:02:34 (5512 turns).

qw the Chopper (Gargoyle Cinder Acolyte)            Turns: 5512, Time: 00:02:34

Health: -4/49      AC: 28    Str: 20    XL:     8   Next: 47%
Magic:  9/9        EV:  8    Int: 15    God:    Ignis [**....]
Gold:   87         SH:  7    Dex:  5    Spells: 9/9 levels left

rFire   + . .        Y - +1 war axe
rCold   . . .        c - +0 kite shield
rNeg    + . .        a - +0 plate armour
rPois   inf          (no helmet)
rElec   +            b - +1 cloak
rCorr   .            (no gloves)
SInv    .            h - +2 pair of slick slippers {slick, slippery, EV+4}
Will    .....        (no amulet) Stlth
                     (no ring)
HPRegen 0.28/turn    (no ring)
MPRegen 0.11/turn

%: no passive effects
@: about to teleport, fiery-armoured
A: sickness immunity, AC +5, negative energy resistance 1, electricity
resistance, torment resistance 1, petrification resistance
a: Renounce Religion, Fiery Armour, Foxfire Swarm, Rising Flame


You were on level 6 of the Dungeon.
You worshipped Ignis.
Ignis was pleased with you.
You visited 1 branch of the dungeon, and saw 6 of its levels.

You collected 273 gold pieces.
You spent 186 gold pieces at shops.


Innate Abilities, Weirdness & Mutations

You are immune to sickness and miasma.
Your stone body is resilient. (AC +5)
You are immune to poison.
You resist negative energy. (rN+)
You are resistant to electric shocks. (rElec)
You are resistant to unholy torment.
You are immune to petrification.


   Skills:
 - Level 5.0 Fighting
 - Level 7.0 Axes
 - Level 4.6 Armour
 + Level 4.1 Shields
 - Level 1.0 Spellcasting
 - Level 3.0 Fire Magic


You had 9 spell levels left.
You didn't know any spells.
Your spell library contained the following spells:

 Spells                   Type           Power      Damage    Failure   Level
 Scorch                   Fire           18%        2d6       100%        2

Inventory:

Hand Weapons
 k - a +2 flail of pain
 Y - a +1 war axe (weapon)
Armour
 a - a +0 plate armour (worn)
 b - a +1 cloak (worn)
 c - a +0 kite shield (worn)
 h - the +2 pair of slick slippers (worn) {slick, slippery, EV+4}
   (You found it on level 4 of the Dungeon)

   Slick:     Its wearer cannot be constricted, engulfed, netted or webbed.
   Slippery:  Its wearer slips away from damaging melee attacks, pulling the
   attacker onward.
   EV:        It affects your evasion (+4).
Jewellery
 e - a ring of ice
Wands
 g - a wand of digging (7)
Scrolls
 j - 2 scrolls of identify
Potions
 d - a potion of curing
 i - a potion of mutation
 l - a potion of heal wounds {unknown}

Dungeon Overview and Level Annotations

Branches:
Dungeon (6/15)             Temple (0/1) D:6

Altars:
Okawaru

Shops:
D:1 =   D:4 ?*


Message History

You miss the ufetubus.
The ufetubus is heavily wounded.
The ufetubus hits you but does no damage.
You block the ufetubus's attack. The ufetubus barely misses you.
The ufetubus hits you but does no damage.
You slash the ufetubus!
You kill the ufetubus!
An ogre comes into view. It is wielding a +0 giant club.
The ogre shouts!
You hit the ogre.
The ogre is lightly wounded.
The ogre hits you with a +0 giant club.
You slip backwards!
You closely miss the ogre.
The ogre is lightly wounded.
The ogre barely misses you.
You closely miss the ogre.
The ogre is lightly wounded.
The ogre hits you with a +0 giant club!
You slip backwards!
You barely miss the ogre.
The ogre is lightly wounded.
You barely miss the ogre.
The ogre is lightly wounded.
The ogre hits you but does no damage.
You closely miss the ogre.
The ogre is lightly wounded.
The ogre hits you with a +0 giant club!!
You slip backwards!
5509 ||| READING scroll of teleportation.
As you read the scroll of teleportation, it crumbles to dust.
You feel strangely unstable. The ogre hits you with a +0 giant club!
You slip backwards!
5510 ||| INVOKING Fiery Armour.
A protective cloak of flame settles atop you.
The ogre closely misses you.
You hit the ogre.
The ogre is moderately wounded.
You barely miss the ogre.
The ogre is moderately wounded.
The ogre hits you with a +0 giant club!
You die...

### #.. #############..
###...##.........
##..[)............
##@......~~~~~.....
#######.O....~~~~~~~~~...
<...<...%..~~~~~~~~~~~~~.
.#######..~~~~~~~~~~~~~~~
#..~~~~~~...~~~~~~
#.......~~~~~~.>.~~~~~~
#.......~~~~~~...~~~~~~
..........~~~~~~~~~
##.....!....~~~~~~


You could see an ogre.

Vanquished Creatures
  Maggie (D:6)
  An orc warrior (D:5)
  A black bear (D:5)
  An ogre (D:5)
  A phantom (D:5)
  3 scorpions (D:5)
  A howler monkey (D:4)
  A hound (D:5)
  Terence (D:3)
  5 iguanas
  2 orc wizards
  6 adders
  An ufetubus (D:6)
  3 worms
  2 dart slugs
  11 orcs
  5 ball pythons
  8 bats
  9 endoplasms
  A giant cockroach (D:1)
  3 goblins
  8 hobgoblins
  4 jackals (D:1)
  3 quokkas
  7 frilled lizards
  10 kobolds
  5 rats
104 creatures vanquished.

Notes
Turn   | Place    | Note
-------+----------+-------------------------------------------
     0 | D:1      | qw the Gargoyle Cinder Acolyte began the quest for the Orb.
     0 | D:1      | Reached XP level 1. HP: 14/14 MP: 2/2
     0 | D:1      | 0 ||| qw: Version: 0.2-a-95-g4c1bab1
     0 | D:1      | 0 ||| qw: Game counter: 94
     0 | D:1      | 0 ||| qw: Always use a shield: true
     0 | D:1      | 0 ||| qw: God list: Okawaru
     0 | D:1      | 0 ||| qw: Allow faded altars: false
     0 | D:1      | 0 ||| qw: Do Orc after D:15 true
     0 | D:1      | 0 ||| qw: Do second Lair branch before Depths: true
     0 | D:1      | 0 ||| qw: Lair rune preference: random
     0 | D:1      | 0 ||| qw: Plans: Normal
     0 | D:1      | 0 ||| PLANNING D:1-11
   139 | D:1      | 139 ||| Stepping ~*~*~tactically~*~*~ (stealth).
   144 | D:1      | Reached skill level 3 in Axes
   148 | D:1      | Reached XP level 2. HP: 13/19 MP: 3/3
   525 | D:1      | Found Faxeistro's Jewellery Emporium.
   543 | D:1      | 543 ||| SHOPLISTING +4 ring of protection (360 gold, have
                  | 23).
   543 | D:1      | 543 ||| SHOPLISTING +5 ring of evasion (360 gold, have 23).
   543 | D:1      | 543 ||| SHOPLISTING amulet of guardian spirit (300 gold,
                  | have 23).
   543 | D:1      | 543 ||| SHOPLISTING ring of Vyvvawk {Fly rC+ Dex+3} (378
                  | gold, have 23).
   543 | D:1      | 543 ||| SHOPLISTING ring of ice (250 gold, have 23).
   543 | D:1      | 543 ||| SHOPLISTING ring of protection from cold (250 gold,
                  | have 23).
   543 | D:1      | 543 ||| SHOPLISTING ring of protection from fire (250 gold,
                  | have 23).
   805 | D:1      | Reached XP level 3. HP: 23/23 MP: 4/4
   829 | D:1      | Found a faded altar of an unknown god.
   844 | D:1      | 844 ||| INVOKING Fiery Armour.
   935 | D:1      | 935 ||| Stepping ~*~*~tactically~*~*~ (stealth).
  1030 | D:1      | 1030 ||| UPGRADING to +0 leather armour.
  1040 | D:1      | 1040 ||| DROPPING +0 robe.
  1041 | D:1      | 1041 ||| READING scroll labelled IWIXOL SABONA.
  1044 | D:1      | 1044 ||| READING scroll labelled FEIXTY MEAMIE.
  1045 | D:1      | 1045 ||| READING scroll labelled DEKENA YMEM.
  1087 | D:1      | 1087 ||| READING scroll labelled KAMEGULUPT.
  1201 | D:2      | 1201 ||| Stepping ~*~*~tactically~*~*~ (hiding).
  1202 | D:2      | 1202 ||| SWAPPING to +0 war axe.
  1222 | D:2      | 1222 ||| DROPPING -1 heavy hand axe.
  1328 | D:2      | Reached skill level 4 in Axes
  1364 | D:2      | 1364 ||| INVOKING Fiery Armour.
  1579 | D:2      | 1579 ||| Stepping ~*~*~tactically~*~*~ (stealth).
  1590 | D:2      | 1590 ||| Stepping ~*~*~tactically~*~*~ (stealth).
  1811 | D:2      | Reached XP level 4. HP: 28/28 MP: 5/5
  2030 | D:2      | 2030 ||| UPGRADING to +0 ring mail.
  2040 | D:2      | 2040 ||| DROPPING +0 leather armour.
  2041 | D:2      | 2041 ||| READING scroll labelled JAUSIK QOSUIN.
  2042 | D:2      | 2042 ||| READING scroll labelled BEDIECVAER.
  2043 | D:2      | 2043 ||| READING scroll labelled ATWUN TAXTOALI.
  2204 | D:3      | Found an iron altar of Okawaru.
  2259 | D:3      | 2259 ||| Stepping ~*~*~tactically~*~*~ (stealth).
  2261 | D:3      | 2261 ||| Stepping ~*~*~tactically~*~*~ (stealth).
  2315 | D:3      | Reached skill level 1 in Armour
  2359 | D:3      | 2359 ||| Stepping ~*~*~tactically~*~*~ (stealth).
  2464 | D:3      | 2464 ||| Stepping ~*~*~tactically~*~*~ (hiding).
  2574 | D:3      | Noticed Terence
  2591 | D:3      | 2591 ||| INVOKING Fiery Armour.
  2595 | D:3      | Killed Terence
  2682 | D:3      | Reached skill level 5 in Axes
  2682 | D:3      | Reached XP level 5. HP: 32/32 MP: 6/6
  3086 | D:3      | 3086 ||| UPGRADING to +0 cloak.
  3091 | D:3      | 3091 ||| UPGRADING to +0 scale mail.
  3101 | D:3      | 3101 ||| DROPPING +0 ring mail.
  3102 | D:3      | 3102 ||| READING scroll labelled JAUBAR ITTOUC.
  3103 | D:3      | 3103 ||| READING scroll labelled GOUKOCAWNU.
  3232 | D:4      | Found the +2 pair of slick slippers {slick, slippery, EV+4}
  3363 | D:4      | 3363 ||| DROPPING +0 mace.
  3401 | D:4      | 3401 ||| Stepping ~*~*~tactically~*~*~ (stealth).
  3402 | D:4      | 3402 ||| Stepping ~*~*~tactically~*~*~ (stealth).
  3502 | D:4      | Found Biavar's Magic Scroll Shop.
  3525 | D:4      | 3525 ||| DROPPING +0 flail.
  3749 | D:4      | Found Otosutal's Lightly-Used Armoury.
  3757 | D:4      | 3757 ||| SHOPLISTING -1 gold dragon scales (975 gold, have
                  | 237).
  3757 | D:4      | 3757 ||| SHOPLISTING -1 pearl dragon scales (1235 gold,
                  | have 237).
  3757 | D:4      | 3757 ||| SHOPLISTING -2 gold dragon scales (910 gold, have
                  | 237).
  3757 | D:4      | 3757 ||| SHOPLISTING -3 crystal plate armour (845 gold,
                  | have 237).
  3757 | D:4      | 3757 ||| SHOPLISTING -3 gold dragon scales (845 gold, have
                  | 237).
  3916 | D:4      | 3916 ||| UPGRADING to +0 plate armour.
  3926 | D:4      | 3926 ||| UPGRADING to +2 pair of slick slippers {slick,
                  | slippery, EV+4}.
  3931 | D:4      | 3931 ||| DROPPING +0 scale mail.
  3932 | D:4      | 3932 ||| READING scroll labelled HACOREKHUT.
  4033 | D:4      | 4033 ||| DRINKING 2 bubbling coppery potions.
  4034 | D:4      | 4034 ||| DROPPING potion of magic.
  4064 | D:5      | Entered Level 5 of the Dungeon
  4112 | D:5      | 4112 ||| INVOKING Fiery Armour.
  4115 | D:5      | Reached XP level 6. HP: 18/39 MP: 7/7
  4196 | D:5      | Noticed an orc warrior
  4198 | D:5      | 4198 ||| Stepping ~*~*~tactically~*~*~ (stealth).
  4206 | D:5      | 4206 ||| INVOKING Fiery Armour.
  4211 | D:5      | Reached skill level 3 in Armour
  4222 | D:5      | Killed an orc warrior
  4311 | D:5      | 4311 ||| STAIRDANCE
  4315 | D:4      | 4315 ||| BUYING 2 scrolls of identify (48 gold).
  4315 | D:4      | Bought 2 scrolls of identify for 48 gold pieces
  4315 | D:4      | 4315 ||| BUYING scroll of enchant armour (90 gold).
  4315 | D:4      | Bought a scroll of enchant armour for 90 gold pieces
  4315 | D:4      | 4315 ||| BUYING scroll of identify (24 gold).
  4315 | D:4      | Bought a scroll of identify for 24 gold pieces
  4315 | D:4      | 4315 ||| BUYING scroll of identify (24 gold).
  4315 | D:4      | Bought a scroll of identify for 24 gold pieces
  4315 | D:4      | 4315 ||| READING scroll of enchant armour.
  4315 | D:4      | 4315 ||| ENCHANTING +0 cloak.
  4316 | D:4      | 4316 ||| READING 5 scrolls of identify.
  4316 | D:4      | 4316 ||| IDENTIFYING murky cyan potion
  4317 | D:4      | 4317 ||| READING 4 scrolls of identify.
  4317 | D:4      | 4317 ||| IDENTIFYING silvery potion
  4318 | D:4      | 4318 ||| DROPPING potion of lignification.
  4319 | D:4      | 4319 ||| DROPPING potion of flight.
  4372 | D:5      | 4372 ||| Stepping ~*~*~tactically~*~*~ (stealth).
  4385 | D:5      | 4385 ||| INVOKING Fiery Armour.
  4389 | D:5      | Reached skill level 6 in Axes
  4389 | D:5      | Reached XP level 7. HP: 44/44 MP: 8/8
  4543 | D:5      | Identified the +2 robe of Yhuwkut {rElec rC+ Will- Dex+6}
  4573 | D:5      | Identified the +6 trident of Melee {protect, rC+ Will+}
  4780 | D:5      | 4780 ||| Stepping ~*~*~tactically~*~*~ (stealth).
  4823 | D:5      | Reached XP level 8. HP: 40/48 MP: 9/9
  4866 | D:5      | Reached skill level 7 in Axes
  5296 | D:5      | 5296 ||| UPGRADING to +0 kite shield.
  5301 | D:5      | 5301 ||| READING 4 scrolls of identify.
  5301 | D:5      | 5301 ||| IDENTIFYING fizzy blue potion
  5302 | D:5      | 5302 ||| READING 3 scrolls of identify.
  5302 | D:5      | 5302 ||| IDENTIFYING black potion
  5330 | D:6      | 5330 ||| PLANNING OSSUARY
  5332 | D:6      | Found a staircase to the Ecumenical Temple.
  5342 | D:6      | Noticed Maggie
  5351 | D:6      | 5351 ||| INVOKING Fiery Armour.
  5367 | D:6      | Killed Maggie
  5508 | D:6      | HP: 10/49 [ogre/+0 giant club (20)]
  5509 | D:6      | 5509 ||| READING scroll of teleportation.
  5509 | D:6      | HP: 2/49 [ogre/+0 giant club (8)]
  5510 | D:6      | 5510 ||| INVOKING Fiery Armour.
  5512 | D:6      | Slain by an ogre

Levels and vault maps discovered:
D:1:      eino_arrival_water_star, layout_loops_corners, serial_shops,
          nicolae_shop_tiny_glass, shapermc_ecumenical_altar_notcrosses,
          grunt_decor_fettered
D:2:      layout_basic
D:3:      layout_loops_ring, amcnicky_altar_gilded, moated_statue, uniq_terence
D:4:      layout_gridville, serial_bayou, serial_bayou_pond_c,
          serial_bayou_pond_c, serial_bayou_pond_d, serial_bayou_lake_a,
          chequers_serial_rivers_large_a, minmay_shop_damaged,
          nicolae_take_the_stairs, nicolae_elevator_lobby_asterisk
D:5:      black_bear_nest_2, layout_basic
D:6:      corexii_shack_village, layout_rooms, temple_pool_b,
          gup_ossuary_entry_pyramid, grunt_decor_clamped, serial_bayou_lagoon_b,
          uniq_maggie

Skill      XL: |  1  2  3  4  5  6  7  8 |
---------------+-------------------------+-----
Axes           | 3 4 5 6 7 |  7.0
Armour         | 1 2 3 4 |  4.6
Fighting       | 4 5 |  5.0
Shields        | 4 |  4.1
Spellcasting   | |  1.0
Fire Magic     | |  3.0

Action                     |  1- 3 |  4- 6 |  7- 9 || total
---------------------------+-------+-------+-------++-------
  Melee: Hand axe          |    74 |       |       ||    74
         War axe           |    66 |   165 |   144 ||   375
         Punch             |     1 |     2 |       ||     3
 Invoke: Fiery Armour      |     2 |     4 |     2 ||     8
    Use: Scroll            |     4 |     9 |     3 ||    16
         Potion            |       |     1 |       ||     1
 Armour: Robe              |    16 |       |       ||    16
         Leather armour    |    35 |     2 |       ||    37
         Ring mail         |       |    36 |       ||    36
         Plate armour      |       |    39 |    92 ||   131
         Scale mail        |       |     9 |       ||     9
  Dodge: Dodged            |    81 |    71 |    73 ||   225
  Block: Kite shield       |       |       |    13 ||    13

Table legend:
 A = Non-vault XP
 B = Vault XP
 C = Vault XP percentage of total XP
 D = Non-vault monster count
 E = Vault monster count
 F = Vault count percentage of total count
                 A         B        C        D         E       F
            +---------+---------+-------+---------+---------+-------
      Total |    1206 |     543 |  31.0 |     101 |       3 |   2.9
            +---------+---------+-------+---------+---------+-------
        D:1 |      43 |       0 |   0.0 |      27 |       0 |   0.0
        D:2 |      42 |       0 |   0.0 |      19 |       0 |   0.0
        D:3 |      86 |      36 |  29.5 |      24 |       1 |   4.0
        D:4 |      95 |       0 |   0.0 |       5 |       0 |   0.0
        D:5 |     919 |     128 |  12.2 |      24 |       1 |   4.0
        D:6 |      21 |     379 |  94.8 |       2 |       1 |  33.3
            +---------+---------+-------+---------+---------+-------
